 Dungeon Crawl Stone Soup version 0.18.1-48-g4cf74bf (webtiles) character file.

3375 MovingMist the Skirmisher (level 9, 0/72 HPs)
             Began as a Demonspawn Fighter on July 28, 2016.
             Was a Priest of Okawaru.
             Slain by Grum
             ... wielding a +1 halberd
              (2 damage)
             ... on level 8 of the Dungeon.
             The game lasted 00:34:13 (6221 turns).

MovingMist the Skirmisher (Demonspawn Fighter)      Turns: 6221, Time: 00:34:13

Health: 0/72       AC: 11    Str: 23    XL:     9   Next: 74%
Magic:  0/16       EV:  7    Int:  9    God:    Okawaru [***...]
Gold:   384        SH: 10    Dex: 16    Spells: 1 memorised, 14 levels left

rFire  . . .     SeeInvis .     x - +1 hand axe (chop)
rCold  . . .     Gourm    .     a - +0 plate armour
rNeg   . . .     Faith    +     c - +0 shield
rPois  .         Spirit   +     (helmet restricted)
rElec  .         Dismiss  .     (no cloak)
rCorr  .         Reflect  .     (no gloves)
SustAt +         Harm     .     (no boots)
MR     .....                    F - amulet of faith
Stlth  ..........               j - +2 ring of strength
                                u - ring of sustain attributes

@: not resistant to hostile enchantments, extremely unstealthy
A: horns 1, talons 2, thin skeletal structure 2, demonic guardian 1,
regeneration 1, wild magic 1, magic shield
a: Heroism, Renounce Religion


You were on level 8 of the Dungeon.
You worshipped Okawaru.
Okawaru was most pleased with you.
You were not hungry.

You visited 2 branches of the dungeon, and saw 9 of its levels.

You collected 384 gold pieces.

Inventory:

Hand Weapons
 x - a +1 hand axe of chopping (weapon)
Armour
 a - a +0 plate armour (worn)
 c - a +0 shield (worn)
Jewellery
 e - an uncursed ring of ice
 h - a +4 ring of protection
 j - a +2 ring of strength (right hand)
 s - an uncursed ring of flight
 u - a ring of sustain attributes (left hand)
 F - an amulet of faith (around neck)
Wands
 P - a wand of paralysis (12/24)
 Q - a wand of paralysis (2/24)
Scrolls
 l - 4 scrolls of amnesia
 m - 3 scrolls of remove curse
 q - 3 scrolls of recharging
 r - 2 scrolls of noise
 v - 4 scrolls of blinking
 y - 2 scrolls of immolation
 J - a scroll of fear
 K - 3 scrolls of teleportation
 O - a scroll of fog
Potions
 b - 4 potions of heal wounds
 i - 2 potions of degeneration
 n - a potion of brilliance
 t - a potion of invisibility
 A - a potion of flight
 B - 2 potions of mutation
 E - a potion of ambrosia
 G - a potion of agility {unknown}
 L - a potion of resistance {unknown}
 M - a potion of lignification
Books
 d - a book of Enchantments

   Spells                             Type                      Level
   a - Cause Fear                     Hexes                        4
   b - Yara's Violent Unravelling     Hexes/Transmutation          5
   c - Silence                        Hexes/Air                    5
   d - Deflect Missiles               Charms/Air                   6
   e - Haste                          Charms                       6
   f - Discord                        Hexes                        8
 C - a book of the Tempests

   Spells                             Type                      Level
   a - Static Discharge               Conjuration/Air              3
   b - Lightning Bolt                 Conjuration/Air              5
   c - Fireball                       Conjuration/Fire             5
   d - Tornado                        Air                          9
   e - Shatter                        Earth                        9
 D - a book of Conjurations

   Spells                             Type                      Level
   a - Magic Dart                     Conjuration                  1
   b - Searing Ray                    Conjuration                  2
   c - Dazzling Spray                 Conjuration/Hexes            3
   d - Fulminant Prism                Conjuration/Hexes            4
   e - Iskenderun's Mystic Blast      Conjuration                  4
   f - Iskenderun's Battlesphere      Conjuration/Charms           5
Comestibles
 f - 4 bread rations
 g - 5 meat rations
 k - 14 fruits
 o - a chunk of flesh
 z - 2 beef jerkies
 N - a slice of pizza


   Skills:
 + Level 7.5 Fighting
 + Level 6.3 Axes
 - Level 2.6 Armour
 + Level 6.1 Dodging
 - Level 5.2 Shields
 + Level 4.6 Spellcasting


You had 14 spell levels left.
You knew the following spells:

 Your Spells              Type           Power        Failure   Level  Hunger
a - Dazzling Spray        Conj/Hex       #.....       100%        3    ###....


Dungeon Overview and Level Annotations

Branches:
Dungeon (8/15)             Temple (1/1) D:4
   Lair: D:8-11

Altars:
Ashenzari
Fedhas
Makhleb
Okawaru
Ru
Xom
Yredelemnul

Annotations:
D:8 Grum


Innate Abilities, Weirdness & Mutations

You have razor-sharp toenails.
You have a moderately thin skeletal structure (Dex +4, Stealth+).
A weak demonic guardian rushes to your aid.
When hurt, damage is shared between your health and your magic reserves.
You have a pair of small horns on your head.
Your natural rate of healing is unusually fast.
Your spells are a little harder to cast, but a little more powerful.


Message History

Grum is moderately wounded.
You barely miss Grum. You headbutt Grum!
Grum is severely wounded.
Grum barely misses you.
You hit Grum.
Grum is severely wounded.
You block Grum's attack.
Your shield and plate armour prevent you from hitting Grum.
You headbutt Grum, but do no damage.
Grum is severely wounded.
Grum hits you with an enchanted halberd!
* * * LOW HITPOINT WARNING * * *
You hit Grum but do no damage. You claw Grum, but do no damage.
Grum is severely wounded.
Grum hits you with an enchanted halberd!
* * * LOW HITPOINT WARNING * * *
You completely miss Grum. Your kick misses Grum.
Grum is severely wounded.
Grum hits you with an enchanted halberd.
You die...

### ... #.# #Y#
#...# #h# #...#
#h# #...# #g#
#...# #@# #...#
#5# #...#
######5#####...#
..........รท.....#
.######.######.##
#.# #.# #.# #.#
#.# #.# #.# #.#


You could see Grum, an ice beast, 2 wolves and 2 friendly ufetubi.

Vanquished Creatures
  The ghost of Situis the Charmwright, an amateur CeSk of Okawaru (D:3)
  Grinder (D:3)
  The ghost of Situis the Charmwright, an amateur CeSk (D:4)
  A hungry ghost (D:7)
  A hippogriff (D:7)
  An orc warrior (D:8)
  3 sky beasts
  A black bear (D:6)
  An ice beast (D:8)
  2 ogres
  A phantom (D:7)
  2 wolves (D:8)
  2 centaurs
  A giant frog (D:6)
  5 killer bees (D:8)
  2 wights (D:7)
  3 crimson imps
  A centaur zombie (D:5)
  A hound (D:5)
  3 orc priests
  4 orc wizards (D:8)
  2 iguanas
  Jessica (D:3)
  3 worker ants
  Ijyb (D:2)
  Terence (D:3)
  A hound skeleton (D:4)
  Robin (D:4)
  A worker ant zombie (D:7)
  A howler monkey zombie (D:5)
  9 adders
  A shadow imp (D:5)
  3 oozes
  An adder skeleton (D:4)
  5 worms
  2 dart slugs
  3 giant geckos
  18 orcs
  4 giant cockroaches
  19 goblins
  13 hobgoblins
  5 jackals (D:1)
  2 quokkas
  3 bats
  6 giant newts
  2 gnoll zombies (D:2)
  5 kobolds
  7 rats
158 creatures vanquished.

Vanquished Creatures (collateral kills)
  An ice beast (D:5)
  A necrophage (D:7)
  An ogre (D:4)
  A centaur (D:6)
  Blork the orc (D:4)
  A scorpion (D:5)
  A wight (D:7)
  A howler monkey (D:5)
  A worker ant (D:6)
  An adder (D:6)
  A worm (D:3)
  A bat (D:3)
12 creatures vanquished.

Grand Total: 170 creatures vanquished

Notes
Turn   | Place    | Note
--------------------------------------------------------------
     0 | D:1      | MovingMist the Demonspawn Fighter began the quest for the Orb.
     0 | D:1      | Reached XP level 1. HP: 18/18 MP: 1/1
   200 | D:1      | Gained mutation: You have a somewhat thin skeletal structure (Dex +2, Stealth). [demonic ancestry]
   200 | D:1      | Reached XP level 2. HP: 20/24 MP: 2/2
   627 | D:2      | Reached skill level 1 in Dodging
   627 | D:2      | Gained mutation: When hurt, damage is shared between your health and your magic reserves. [demonic ancestry]
   627 | D:2      | Reached XP level 3. HP: 18/29 MP: 3/3
   934 | D:2      | Reached XP level 4. HP: 3/36 MP: 0/4
  1260 | D:2      | Noticed Ijyb
  1277 | D:2      | Killed Ijyb
  1631 | D:2      | Found a basalt altar of Yredelemnul.
  1817 | D:3      | Noticed Situis's ghost (amateur CeSk)
  1851 | D:3      | Killed Situis's ghost
  1851 | D:3      | Reached skill level 4 in Fighting
  1851 | D:3      | Gained mutation: A weak demonic guardian rushes to your aid. [demonic ancestry]
  1851 | D:3      | Reached XP level 5. HP: 43/43 MP: 5/5
  1851 | D:3      | Gained mutation: You have sharp toenails. [demonic ancestry]
  1851 | D:3      | Reached XP level 6. HP: 49/49 MP: 6/6
  2062 | D:3      | Noticed Grinder
  2070 | D:3      | Noticed Terence
  2108 | D:3      | Killed Terence
  2112 | D:3      | Paralysed by Grinder for 7 turns
  2123 | D:3      | Paralysed by Grinder for 4 turns
  2130 | D:3      | Paralysed by Grinder for 6 turns
  2319 | D:3      | Noticed Jessica
  2319 | D:3      | Paralysed by Grinder for 2 turns
  2332 | D:3      | Paralysed by Grinder for 4 turns
  2343 | D:3      | Killed Grinder
  2343 | D:3      | Gained mutation: You have a moderately thin skeletal structure (Dex +4, Stealth+). [demonic ancestry]
  2343 | D:3      | Reached XP level 7. HP: 28/55 MP: 5/7
  2345 | D:3      | Killed Jessica
  2826 | D:4      | Noticed Blork the orc
  2833 | D:4      | Noticed Situis's ghost (amateur CeSk)
  2838 | D:4      | Killed Blork the orc
  2881 | D:4      | Noticed Robin
  2914 | D:4      | Killed Robin
  2949 | D:4      | Killed Situis's ghost
  2949 | D:4      | Reached skill level 5 in Fighting
  3093 | D:4      | Reached skill level 5 in Shields
  3151 | D:4      | Found a staircase to the Ecumenical Temple.
  3172 | Temple   | Entered the Ecumenical Temple
  3177 | Temple   | Became a worshipper of Warmaster Okawaru
  3672 | D:5      | Entered Level 5 of the Dungeon
  3737 | D:5      | Reached XP level 8. HP: 42/62 MP: 6/8
  3796 | D:5      | Learned a level 3 spell: Dazzling Spray
  4187 | D:5      | Reached skill level 1 in Spellcasting
  4480 | D:5      | You fall through a shaft!
  4719 | D:6      | Reached * piety under Okawaru
  4719 | D:6      | Reached skill level 6 in Fighting
  4726 | D:6      | Gained mutation: You have a pair of small horns on your head. [mutagenic meat]
  4727 | D:6      | Gained mutation: Your spells are a little harder to cast, but a little more powerful. [mutagenic meat]
  4729 | D:6      | Gained mutation: Your natural rate of healing is unusually fast. [mutagenic meat]
  4759 | D:6      | Reached skill level 5 in Axes
  5138 | D:7      | Found a sacrificial altar of Ru.
  5218 | D:7      | Reached skill level 5 in Dodging
  5235 | D:7      | Found a shattered altar of Ashenzari.
  5299 | D:7      | Reached ** piety under Okawaru
  5299 | D:7      | Gained mutation: You have razor-sharp toenails. [demonic ancestry]
  5299 | D:7      | Reached XP level 9. HP: 69/71 MP: 11/13
  5329 | D:7      | Found a burning altar of Makhleb.
  5851 | D:8      | Reached skill level 7 in Fighting
  5858 | D:8      | Reached *** piety under Okawaru
  6197 | D:8      | Noticed Grum
  6220 | D:8      | HP: 2/72 [Grum/enchanted halberd (9)]
  6221 | D:8      | Slain by Grum

Skill      XL: |  1  2  3  4  5  6  7  8  9 |
---------------+----------------------------+-----
Axes           | 2 3 4 5 6 |  6.3
Shields        | 3 4 5 |  5.2
Dodging        | 1 2 3 4 5 6 |  6.1
Fighting       | 4 5 6 7 |  7.5
Spellcasting   | 3 4 |  4.6
Armour         | |  2.6

Action                   |  1- 3 |  4- 6 |  7- 9 || total
-------------------------+-------+-------+-------++-------
Melee: War axe           |    93 |   150 |    33 ||   276
       Kick              |       |    17 |   209 ||   226
       Hand axe          |       |       |   463 ||   463
       Headbutt          |       |       |    53 ||    53
Invok: Heroism           |       |       |     1 ||     1
  Use: Scroll            |     3 |     5 |    15 ||    23
       Potion            |       |     2 |       ||     2
 Stab: Distracted        |       |       |     2 ||     2
  Eat: Chunk             |       |     4 |    19 ||    23
       Fruit             |       |       |     1 ||     1
Armor: Scale mail        |    61 |    57 |       ||   118
       Skin              |       |    16 |       ||    16
       Chain mail        |       |       |   184 ||   184
       Plate armour      |       |       |     8 ||     8
Dodge: Dodged            |    35 |    48 |   133 ||   216
Block: Shield            |    48 |    96 |   249 ||   393
